 Dungeon Crawl Stone Soup version 0.29-a0-369-gd956c00756 (webtiles) character file.

Game seed: 14905539925457187811

6821 Shayle the Nimble (level 11, 0/103 HPs)
             Began as a Tengu Brigand on May 2, 2022.
             Was an Initiate of Yredelemnul.
             Slain by a black bear (4 damage)
             ... on level 10 of the Dungeon.
             The game lasted 00:30:09 (10786 turns).

Shayle the Nimble (Tengu Brigand)                  Turns: 10786, Time: 00:30:11

Health: 0/103      AC: 10    Str: 11    XL:     11   Next: 5%
Magic:  0/17       EV: 23    Int: 12    God:    Yredelemnul [......]
Gold:   504        SH:  0    Dex: 20    Spells: 10/10 levels left

rFire   + . .      SeeInvis .   f - +1 rapier
rCold   . . .      Faith    .   (no shield)
rNeg    . . .      Spirit   +   m - +0 ring mail
rPois   .          Reflect  .   n - +2 hat
rElec   .          Harm     .   c - +2 cloak
rCorr   .          Rampage  .   (no gloves)
Will    .....                   (boots unavailable)
Stlth   ..........              o - amulet of guardian spirit
HPRegen 0.27/turn               v - +4 ring of evasion
MPRegen 0.15/turn               O - ring of protection from fire

@: berserking, flying quickly and evasively, invisible, very quick
A: beak, talons 3, nimble flight
a: Renounce Religion, Recall Undead Harvest


You were on level 10 of the Dungeon.
You worshipped Yredelemnul.
Yredelemnul was noncommittal.
You visited 2 branches of the dungeon, and saw 11 of its levels.
You also visited: Sewer and Ossuary.

You collected 576 gold pieces.
You spent 72 gold pieces at shops.

Inventory:

Hand Weapons
 a - a +2 dagger
 f - a +1 rapier (weapon)
 D - a +2 long sword of draining
 H - the +9 hand axe of Jeitumo {vorpal, Contam Int+5}
   (You found it on level 5 of the Dungeon)

   It inflicts extra damage upon your enemies.
   Int:       It affects your intelligence (+5).
   Contam:    It causes magical contamination when unequipped.
Missiles
 d - 45 poisoned darts
 e - 3 curare-tipped darts (quivered)
Armour
 b - a +0 robe
 c - a +2 cloak (worn)
 m - a +0 ring mail (worn)
 n - a +2 hat (worn)
 E - a +1 robe of willpower
Jewellery
 o - an amulet of guardian spirit (around neck)
 r - an amulet of faith
 v - a +4 ring of evasion (left hand)
 M - a +6 ring of dexterity
 O - a ring of protection from fire (right hand)
Wands
 s - a wand of charming (9)
 C - a wand of digging (2)
 I - a wand of mindburst (10)
 L - a wand of flame (6)
Scrolls
 h - 9 scrolls of teleportation
 l - 4 scrolls of noise
 u - a scroll of summoning
 w - 2 scrolls of enchant weapon
 x - 3 scrolls of identify
 y - 2 scrolls of fog
 z - 4 scrolls of amnesia
 B - 2 scrolls of magic mapping
 F - a scroll of enchant armour
 N - a scroll of fear
 P - a scroll of blinking
Potions
 g - 3 potions of cancellation
 i - 2 potions of might
 j - 5 potions of flight
 k - 6 potions of degeneration
 p - 2 potions of mutation
 q - 2 potions of berserk rage
 t - 3 potions of attraction
 A - 4 potions of brilliance
 G - 2 potions of haste
 K - a potion of ambrosia
 Q - 2 potions of lignification {unknown}


   Skills:
 + Level 8.9 Fighting
 - Level 2.1 Short Blades
 - Level 2.0 Throwing
 + Level 9.5 Dodging
 - Level 4.0 Stealth
 + Level 8.6 Unarmed Combat
 + Level 7.2 Invocations


You had 10 spell levels left.
You didn't know any spells.
Your spell library contained the following spells:

 Spells                   Type           Power      Damage    Failure   Level
 Animate Skeleton         Necr           0%         N/A       63%         1
 Apportation              Tloc           0%         N/A       63%         1
 Shock                    Conj/Air       0%         1d3       63%         1
 Summon Small Mammal      Summ           0%         N/A       63%         1
 Static Discharge         Conj/Air       0%         N/A       77%         2
 Swiftness                Air            0%         N/A       94%         3
 Airstrike                Air            0%         N/A       100%        4
 Summon Lightning Spire   Summ/Air       0%         N/A       100%        4
 Alistair's Intoxication  Tmut/Pois      0%         N/A       100%        5
 Lightning Bolt           Conj/Air       0%         1d11      100%        5
 Storm Form               Tmut/Air       0%         N/A       100%        7
 Maxwell's Capacitive Co  Air            0%         ∞         100%        8


Dungeon Overview and Level Annotations

Branches:
Dungeon (10/15)            Temple (1/1) D:5            Lair (0/6) D:10
  Sewer (visited)         Ossuary (visited)
    Orc: D:9-12

Altars:
Ashenzari
Cheibriados
Dithmenos
Elyvilon
Fedhas
Gozag
Hepliaklqana
Kikubaaqudgha
Makhleb
Nemelex Xobeh
Okawaru
Qazlal
Ru
Trog
Uskayaw
Vehumet
Wu Jian
Xom
Yredelemnul
Zin
The Shining One

Shops:
D:1 (   D:3 !

Annotations:
D:6 2 runed translucent doors, avis's ghost, novice HOMo
D:10 2 transporters, exclusion: oklob plant, Psyclone's ghost, journeyman GnIE


Innate Abilities, Weirdness & Mutations

You have a beak for a mouth.
You have claws for feet.
Your magical nature lets you fly swiftly and evasively.


Message History

* * * LOW HITPOINT WARNING * * *
The orc completely misses you.
A red film seems to cover your vision as you go berserk!
You feel yourself moving faster!
You feel mighty!
The yak completely misses you. x2; The orc completely misses you.
The troll bites you!
* * * LOW HITPOINT WARNING * * *
The troll completely misses you. The troll claws you!
* * * LOW HITPOINT WARNING * * *
The black bear closely misses you. The black bear completely misses you.
The black bear closely misses you. The yak completely misses you.
The orc warrior completely misses you.
You impale the troll!!
You kill the troll!
Unknown command.
You barely miss the orc warrior. Your kick misses the orc warrior.
The orc warrior is moderately wounded.
The yak barely misses you. The yak closely misses you.
The orc warrior misses you. The black bear bites you.
* * * LOW HITPOINT WARNING * * *
The black bear misses you. The black bear closely misses you.
The yak barely misses you.
You closely miss the orc warrior.
The orc warrior is moderately wounded.
The yak gores you!
* * * LOW HITPOINT WARNING * * *
The orc warrior barely misses you. The yak misses you.
The yak closely misses you. The black bear misses you.
The black bear claws you but does no damage.
The black bear misses you.
You hit the orc warrior but do no damage.
Your kick misses the orc warrior. You peck the orc warrior.
The orc warrior is heavily wounded.
You catch the helpless orc warrior completely off-guard!
You puncture the orc warrior! Your kick misses the orc warrior.
The orc warrior is almost dead.
The yak misses you. The orc warrior completely misses you.
The black bear bites you.
You die...
Your body rises from the dead as a mindless zombie.

....# ...### .....#
.....# >.. ....<#
##....# ... ..#.##
#.o...# ... #....#
#h.o..# .Y. #....##
#Y@...#
...####.......#YY...#
...........##.#.#####
..............#.#
##.......Y..###.#
####......YY..#.#
..##.....Y.##...#
.........######.#
######.### ###


You could see 3 yaks, an orc warrior (can't see you), a black bear (can't see
you) and an orc (can't see you).

Vanquished Creatures
  A manticore (D:9)
  2 trolls (D:10)
  12 yaks
  A steam dragon (D:9)
  2 vampire mosquitoes (D:9)
  An acid dragon (D:9)
  2 water moccasins
  An orc warrior (D:8)
  A sky beast (D:6)
  A black bear (D:5)
  3 ice beasts
  2 centaurs
  Blork the orc (D:4)
  3 kobold brigands
  3 bullfrogs
  2 necrophages
  3 scorpions
  5 wights (D:8)
  3 killer bees (D:9)
  7 howler monkeys
  A jelly (D:7)
  7 hounds
  Ijyb (D:4)
  4 orc wizards
  15 mummies
  12 gnolls
  6 river rats
  8 adders
  An ufetubus (D:5)
  5 worms
  2 dart slugs (D:2)
  11 orcs
  10 ball pythons
  7 endoplasms
  5 giant cockroaches
  A hobgoblin (D:3)
  5 jackals
  5 quokkas
  8 bats (Sewer)
  7 frilled lizards
  A gnoll skeleton (Ossuary)
  5 goblins
  A goblin skeleton (Ossuary)
  15 kobolds
  4 kobold skeletons (Ossuary)
  A kobold zombie (D:4)
  2 orc skeletons (Ossuary)
  An orc zombie (D:4)
  3 rats
  11 rat skeletons (Ossuary)
221 creatures vanquished.

Vanquished Creatures (collateral kills)
  A vampire (D:9)
  A black bear (D:7)
  A bullfrog (D:9)
  3 killer bees (D:9)
  A howler monkey (D:9)
  2 orc priests (D:9)
  2 orc wizards (D:9)
  An iguana (D:7)
  5 orcs (D:9)
  A kobold (D:7)
18 creatures vanquished.

Vanquished Creatures (others)
  A yak zombie (D:10)
  An orc (D:6)
  2 kobold zombies
  3 orc zombies
  A fungus (D:10)
  A plant (D:10)
9 creatures vanquished.

Grand Total: 248 creatures vanquished

Notes
Turn   | Place    | Note
-------+----------+-------------------------------------------
     0 | D:1      | Shayle the Tengu Brigand began the quest for the Orb.
     0 | D:1      | Reached XP level 1. HP: 12/12 MP: 2/2
   103 | D:1      | Found Jayrir's Weapon Shoppe.
   409 | D:1      | Found a faded altar of an unknown god.
   422 | D:1      | Reached XP level 2. HP: 18/18 MP: 3/3
   707 | D:2      | Reached skill level 2 in Dodging
   893 | D:2      | Reached XP level 3. HP: 22/22 MP: 4/4
  1472 | D:3      | Found Hisytt's Distillery.
  1480 | D:3      | Bought a potion of heal wounds for 60 gold pieces
  1480 | D:3      | Bought a potion of degeneration for 12 gold pieces
  1631 | D:3      | Reached skill level 3 in Dodging
  1631 | D:3      | Reached XP level 4. HP: 21/28 MP: 2/5
  2010 | D:3      | Found a snail-covered altar of Cheibriados.
  2170 | D:3      | Identified the +0 pair of boots "Fethuyba" {rElec Int+4}
  2347 | D:4      | Noticed Ijyb
  2415 | D:4      | Killed Ijyb
  2416 | D:4      | Gained mutation: Your magical nature lets you fly swiftly
                  | and evasively. [Tengu growth]
  2416 | D:4      | Reached XP level 5. HP: 20/33 MP: 4/6
  2435 | D:4      | Found a sand-covered staircase.
  2442 | Ossuary  | Entered an ossuary
  2600 | Ossuary  | Reached skill level 1 in Unarmed Combat
  2677 | Ossuary  | Reached skill level 1 in Invocations
  2838 | Ossuary  | Reached skill level 4 in Dodging
  2842 | Ossuary  | Reached XP level 6. HP: 38/38 MP: 7/7
  3189 | D:4      | Noticed Blork the orc
  3199 | D:4      | Killed Blork the orc
  3247 | D:4      | Found a burning altar of Makhleb.
  3430 | D:4      | Found a bloodstained altar of Trog.
  3437 | D:4      | Reached XP level 7. HP: 44/44 MP: 9/9
  3856 | D:5      | Entered Level 5 of the Dungeon
  4089 | D:5      | Found a glowing drain.
  4105 | Sewer    | Entered a sewer
  4255 | Sewer    | Reached skill level 5 in Dodging
  4413 | Sewer    | Reached skill level 5 in Fighting
  4657 | D:5      | Found a staircase to the Ecumenical Temple.
  4666 | Temple   | Entered the Ecumenical Temple
  4915 | D:5      | Found an opulent altar of Gozag.
  5031 | D:5      | Identified the +9 hand axe of Jeitumo {vorpal, Contam
                  | Int+5}
  5158 | D:5      | Reached XP level 8. HP: 49/49 MP: 11/11
  5179 | D:5      | Found a shimmering altar of Xom.
  5181 | D:5      | Found a shimmering altar of Xom.
  5181 | D:5      | Found a shadowy altar of Dithmenos.
  5183 | D:5      | Found a hide-covered altar of Uskayaw.
  5183 | D:5      | Found a stormy altar of Qazlal.
  5183 | D:5      | Found a blossoming altar of Fedhas.
  5811 | D:5      | Reached skill level 6 in Dodging
  6295 | D:6      | Reached skill level 5 in Unarmed Combat
  6486 | D:6      | Found a large runed translucent door.
  6486 | D:6      | Found a large runed translucent door.
  6491 | D:6      | Noticed avis's ghost (novice HOMo)
  6577 | D:6      | Reached XP level 9. HP: 38/55 MP: 9/13
  7223 | D:7      | Found a glowing golden altar of the Shining One.
  7225 | D:7      | Noticed an angel
  7233 | D:7      | Found a basalt altar of Yredelemnul.
  7235 | D:7      | Noticed a profane servitor
  7257 | D:7      | Became a worshipper of Yredelemnul the Dark
  7299 | D:7      | Reached * piety under Yredelemnul
  7364 | D:7      | Reached ** piety under Yredelemnul
  7433 | D:7      | Reached skill level 7 in Dodging
  7763 | D:7      | Reached skill level 5 in Invocations
  7804 | D:7      | Found a shadowy altar of Dithmenos.
  7836 | D:7      | Found a sparkling altar of Nemelex Xobeh.
  7950 | D:7      | Found a radiant altar of Vehumet.
  8906 | D:8      | Noticed a skeletal warrior
  8906 | D:8      | Noticed a skeletal warrior
  8979 | D:9      | Reached skill level 8 in Dodging
  8979 | D:9      | Reached XP level 10. HP: 51/63 MP: 11/15
  9543 | D:9      | Found an ornate altar of the Wu Jian Council.
  9598 | D:9      | Noticed a manticore
  9638 | D:9      | Killed a manticore
 10392 | D:10     | Entered Level 10 of the Dungeon
 10392 | D:10     | Found a transporter.
 10398 | D:10     | Found a transporter.
 10398 | D:10     | Noticed an oklob plant
 10398 | D:10     | Noticed a white ugly thing
 10412 | D:10     | Noticed an elephant
 10443 | D:10     | Noticed Psyclone's ghost (journeyman GnIE)
 10460 | D:10     | Reached skill level 9 in Dodging
 10489 | D:10     | Noticed a two-headed ogre
 10636 | D:10     | Noticed a manticore
 10732 | D:10     | Found a staircase to the Lair.
 10776 | D:10     | Reached XP level 11. HP: 34/69 MP: 10/17
 10784 | D:10     | HP: 3/103 [yak (6)]
 10786 | D:10     | Slain by a black bear

Illustrated notes

Levels and vault maps discovered:
D:1:      wheals_arrival_shading, layout_basic, serial_shops,
          nicolae_shop_bloodbath_and_beyond, dreamdust_ecumenical_altar_grove
D:2:      layout_basic
D:3:      layout_loops_cross, nicolae_overflow_crystal_walls, serial_shops, shop
D:4:      layout_basic, mainiacjoe_overflow_small_starburst, trog_antimagical,
          nicolae_ossuary_entry_giza, uniq_ijyb, uniq_blork_the_orc
D:5:      layout_basic, doesnt_xom_only_xom, grunt_gozag_statues,
          minmay_temple_entry_mini_moons, portal_sewer_entry_b,
          nicolae_fountain_basement
D:6:      layout_basic, ebering_ghost_disaster_area, minmay_unpleasant_kobolds
D:7:      layout_loops_ring, grunt_temple_overflow_holy_war,
          mainiacjoe_overflow_two_lobes, kennysheep_mini
D:8:      minmay_general_purpose_star, layout_cave_pools, led_sif_book
D:9:      layout_roguey, nzn_wu_jian_contemplation
D:10:     layout_rooms, david_lair_generic, orc_0_dummy, nzn_ghost_randoct,
          enter_bailey_2
Temple:   cyrus_temple_forest

Skill      XL: |  1  2  3  4  5  6  7  8  9 10 |
---------------+-------------------------------+-----
Dodging        | 2 3 4 5 6 8 9 |  9.5
Fighting       | 3 4 5 6 7 8 |  8.9
Unarmed Combat | 1 2 3 5 7 8 |  8.6
Invocations    | 1 2 3 4 5 7 |  7.2
Short Blades   | |  2.1
Throwing       | |  2.0
Stealth        | |  4.0

Action                   |  1- 3 |  4- 6 |  7- 9 | 10-12 || total
-------------------------+-------+-------+-------+-------++-------
Melee: Rapier            |    46 |   149 |   392 |   181 ||   768
       Kick              |    11 |    46 |   131 |    73 ||   261
       Peck              |     9 |    29 |    78 |    54 ||   170
       Punch             |       |     2 |    16 |    10 ||    28
Throw: Dart              |     3 |       |       |       ||     3
Invok: Dark Bargain      |       |       |     1 |     2 ||     3
       Recall Undead Har |       |       |       |     3 ||     3
Evoke: Wand              |       |       |       |     2 ||     2
  Use: Scroll            |       |     5 |    17 |       ||    22
       Potion            |       |       |     4 |     3 ||     7
 Stab: Sleeping          |     6 |     9 |     6 |       ||    21
       Distracted        |       |       |     1 |     2 ||     3
       Invisible         |       |       |       |     3 ||     3
Armor: Robe              |     1 |       |       |       ||     1
       Ring mail         |     7 |    27 |    99 |    41 ||   174
Dodge: Dodged            |    18 |    85 |   497 |   344 ||   944

Table legend: (Time is in decaauts)
 A = Elapsed time spent in this place.
 B = Non-inter-level travel time spent in this place.
 C = Inter-level travel time spent in this place.
 D = Time resting spent in this place.
 E = Time spent auto-exploring this place.
 F = Levels seen in this place.
 G = Mean time per level.
                   A        B        C        D        E       F      G
               +--------+--------+--------+--------+--------+-----+--------+
         Total |  10356 |  10030 |    326 |   1458 |   5663 |  13 |  796.6 |
       Dungeon |   9115 |   8811 |    304 |   1124 |   5395 |  10 |  911.5 |
        Temple |     77 |     56 |     21 |      0 |     46 |   1 |   77.0 |
         Sewer |    486 |    486 |      0 |     18 |    145 |   1 |  486.0 |
       Ossuary |    676 |    676 |      0 |    316 |     76 |   1 |  676.0 |
               +--------+--------+--------+--------+--------+-----+--------+

Top non-repeatable levels by time:
     D:9: 1417 daAuts
     D:6: 1346 daAuts
     D:5: 1218 daAuts
     D:4: 934 daAuts
     D:7: 872 daAuts
     D:2: 810 daAuts
     D:3: 809 daAuts
     D:8: 723 daAuts
 Ossuary: 676 daAuts
     D:1: 598 daAuts
   Sewer: 486 daAuts
    D:10: 384 daAuts
  Temple: 77 daAuts
